 Dungeon Crawl Stone Soup version 0.27.0-1-g7a089689b8 (webtiles) character file.

Game seed: 9315220807853964820

287 willcat the Sneak (level 6, 0/47 HPs)
             Began as a Mummy Delver on Aug 13, 2021.
             Was an Initiate of Qazlal.
             Killed from afar by a white imp (3 damage)
             ... with a puff of frost
             ... on level 7 of the Dungeon.
             The game lasted 00:02:04 (618 turns).

willcat the Sneak (Mummy Delver)                     Turns: 618, Time: 00:02:04

Health: 0/47       AC:  5    Str: 17    XL:     6   Next: 8%
Magic:  8/8        EV: 11    Int:  9    God:    Qazlal [......]
Gold:   10         SH:  0    Dex: 14    Spells: 5/5 levels left

rFire    x . .     SeeInvis .   a - +0 short sword
rCold    + . .     Faith    .   (no shield)
rNeg     + + +     Spirit   .   b - +0 leather armour
rPois    ∞         Reflect  .   g - +2 hat
rElec    .         Harm     .   (no cloak)
rCorr    .         Rampage  .   (no gloves)
Will     .....                  (no boots)
Stlth    +++.......             (no amulet)
HPRegen  0.15/turn              (no ring)
MPRegen  0.11/turn              (no ring)

@: no status effects
A: cold resistance 1, negative energy resistance 3, torment resistance 2, heat
vulnerability 1, no potions
a: Renounce Religion


You were on level 7 of the Dungeon.
You worshipped Qazlal.
Qazlal was noncommittal.
You visited 1 branch of the dungeon, and saw 3 of its levels.

You collected 10 gold pieces.

Inventory:

Hand Weapons
 a - a +0 short sword (weapon)
Armour
 b - a +0 leather armour (worn)
 g - a +2 hat (worn)
Jewellery
 h - a ring of positive energy
Wands
 f - a wand of digging (2)
Scrolls
 c - a scroll of fog
 d - a scroll of magic mapping
 e - a scroll of fear


   Skills:
 - Level 3.0 Fighting
 + Level 3.3 Short Blades
 - Level 1.5 Dodging
 + Level 5.2 Stealth
 + Level 3.0 Invocations


You had 5 spell levels left.
You didn't know any spells.
Your spell library was empty.

Dungeon Overview and Level Annotations

Branches:
Dungeon (7/15)
 Temple: D:4-7

Altars:
Qazlal
Vehumet

Annotations:
D:6 1 runed translucent door, exclusion: statue, Krazlmac's ghost, novice HOFi


Innate Abilities, Weirdness & Mutations

You are immune to poison.
Your flesh is cold resistant. (rC+)
You are immune to negative energy. (rN+++)
You are immune to unholy pain and torment.
You are vulnerable to heat. (rF-)
You do not drink.


Message History

The wight hits you with a +1 battleaxe. The wight closely misses you.
Okay, then.
The white imp gestures at you. The puff of frost hits you. You resist.
The white imp gestures at you. The puff of frost hits you. You resist.
Found 14 gold pieces.
The white imp gestures at you. The puff of frost hits you. You resist.
* * * LOW HITPOINT WARNING * * *
The white imp shouts, "Leave, thou mewling beetle-headed foot-licker!"
You hear the faint creaking of a very distant portcullis.
Found a fizzy inky potion.
The white imp picks up a beetle and eats it.
The wight hits you with a +1 battleaxe!
* * * LOW HITPOINT WARNING * * *
The white imp gestures at you. The puff of frost hits you. You resist.
* * * LOW HITPOINT WARNING * * *
Found a dagger.
An orc comes into view. It is wielding a +0 dagger.
The white imp gestures at you. The puff of frost hits you. You resist.
* * * LOW HITPOINT WARNING * * *
The orc shouts!
The orc hits you but does no damage. The orc hits you but does no damage.
The orc closely misses you.
Aiming: Dig
Press: ? - help, Shift-Dir - straight line, p - wight A rock wall.
The rock shatters into small pieces.
The wight closely misses you.
The orc curses repeatedly.
The wight hits you with a +1 battleaxe!
* * * LOW HITPOINT WARNING * * *
A wyvern comes into view.
The white imp gestures at you. The puff of frost hits you. You resist.
You die...

.# ##5#........... #.
##z##...............
#.###.####.............#
#..#.## #.............#
#..## ##............#
#..# ##.....).....#
#.#.## #............
###..# #####.!..........
# ##.###........@.......
.# #......5...z......###
..###......z........##
...........#....#####
........#...o.###
........###..##
........# #..# ........#
##..# ........# ##.#


You could see 2 wights, a white imp and an orc.

Vanquished Creatures
  A sky beast (D:6)
  An ogre (D:5)
  A water moccasin skeleton (D:6)
  A wight (D:7)
  A jelly (D:6)
5 creatures vanquished.

Notes
Turn   | Place    | Note
-------+----------+-------------------------------------------
     0 | D:5      | willcat the Mummy Delver began the quest for the Orb.
     0 | D:5      | Reached XP level 1. HP: 18/18 MP: 1/1
     0 | D:5      | Noticed a fire elemental
    20 | D:5      | Found a stormy altar of Qazlal.
    22 | D:5      | Noticed an earth elemental
    22 | D:5      | Noticed a water elemental
    22 | D:5      | Noticed an air elemental
    71 | D:5      | Noticed an ogre
    93 | D:5      | Became a worshipper of Qazlal Stormbringer
   143 | D:6      | Found a radiant altar of Vehumet.
   143 | D:6      | Noticed a frost-covered statue
   188 | D:5      | Killed an ogre
   189 | D:5      | Reached skill level 1 in Invocations
   189 | D:5      | Reached XP level 2. HP: 24/24 MP: 1/3
   189 | D:5      | Reached XP level 3. HP: 29/29 MP: 1/4
   189 | D:5      | Reached XP level 4. HP: 35/35 MP: 1/5
   293 | D:6      | Found a runed translucent door.
   305 | D:6      | Noticed Krazlmac's ghost (novice HOFi)
   315 | D:6      | Noticed a sky beast
   370 | D:6      | Killed a sky beast
   371 | D:6      | Reached skill level 5 in Stealth
   371 | D:6      | Reached XP level 5. HP: 30/41 MP: 5/7
   497 | D:6      | Noticed a phantom
   533 | D:7      | Reached XP level 6. HP: 47/47 MP: 8/8
   607 | D:7      | HP: 1/47 [wight (7)]
   612 | D:7      | Noticed a wyvern
   618 | D:7      | Killed from afar by a white imp

Illustrated notes

Levels and vault maps discovered:
D:5:      layout_basic, nicolae_qazlal_style_of_elements, lemuel_blue_sif_altar,
          lightli_minifort
D:6:      layout_basic, vehumet_statue, gammafunk_ghost_grave,
          skrybe_limestone_x, uniq_prince_ribbit1
D:7:      layout_cave_pods, okawaru_trees_1, chei_slow_surprise,
          marbit_many_paths, nemelex_spade_bored_becter, temple_statues,
          enter_bailey_5

Skill      XL: |  1  2  3  4  5 |
---------------+----------------+-----
Short Blades   | 2 3 |  3.3
Invocations    | 1 2 3 |  3.0
Stealth        | 5 |  5.2
Fighting       | |  3.0
Dodging        | |  1.5

Action                   |  1- 3 |  4- 6 || total
-------------------------+-------+-------++-------
Melee: Short sword       |       |    10 ||    10
Evoke: Wand              |     2 |     7 ||     9
 Stab: Sleeping          |       |     2 ||     2
Armor: Leather armour    |       |     4 ||     4
Dodge: Dodged            |       |     9 ||     9
